 Dungeon Crawl Stone Soup version 0.26.1-11-gd32895ea62 (webtiles) character file.

Game seed: 12275693272187976867

10602 eagelman13508 the Bludgeoner (level 11, -16/96 HPs)
             Began as a Troll Berserker on June 13, 2021.
             Was a High Priest of Trog.
             Hit by a large rock thrown by a cyclops (28 damage)
             ... on level 11 of the Dungeon.
             The game lasted 01:25:14 (10208 turns).

eagelman13508 the Bludgeoner (Troll Berserker)     Turns: 10208, Time: 01:25:14

Health: -16/96     AC:  8    Str: 37    XL:     11   Next: 38%
Magic:  10/10      EV: 10    Int:  3    God:    Trog [*****.]
Gold:   1326       SH:  0    Dex:  9    Spells: 10/10 levels left

rFire    . . .     SeeInvis .   E - +10 mace of Xif Pul {venom, Str+3}
rCold    + . .     Faith    .   (no shield)
rNeg     + . .     Spirit   .   p - +2 robe {Will+}
rPois    .         Reflect  .   (helmet restricted)
rElec    +         Harm     .   (no cloak)
rCorr    .         Rampage  .   (gloves unavailable)
Will     +....                  (boots unavailable)
Stlth    +.........             (no amulet)
HPRegen  0.66/turn              N - ring "Bigasad" {rElec rC+ rN+ Str+4}
MPRegen  0.12/turn              y - ring of flight

@: no status effects
A: large, unfitting armour, claws 3, regeneration 1, shaggy fur 1, tough skin 3
a: Renounce Religion, Evoke Flight, Berserk, Trog's Hand, Brothers in Arms


You were on level 11 of the Dungeon.
You worshipped Trog.
Trog was extremely pleased with you.
You visited 1 branch of the dungeon, and saw 11 of its levels.
You visited the Abyss 1 time.
You also visited: Bailey.

You collected 1326 gold pieces.

Inventory:

Hand Weapons
 k - the +6 great mace of Aqith {vorpal, rElec}
   (Trog gifted it to you in a bailey)

   It inflicts extra damage upon your enemies.
   It insulates you from electricity.
 E - the +10 mace of Xif Pul (weapon) {venom, Str+3}
   (You found it on level 6 of the Dungeon)

   It poisons the flesh of those it strikes.
   It affects your strength (+3).
 F - a +0 giant spiked club
 H - a +2 flail of holy wrath
 L - a +7 vorpal giant club
Missiles
 r - 10 poisoned darts (quivered)
 t - 55 boomerangs
 I - 2 throwing nets
 K - 2 large rocks
Armour
 c - a +1 robe of fire resistance
 n - +0 steam dragon scales
 p - a +2 robe of willpower (worn)
Jewellery
 x - an uncursed ring of resist corrosion
 y - a ring of flight (right claw)
 C - an uncursed ring of protection from fire
 G - an uncursed ring of protection from cold
 N - the ring "Bigasad" (left claw) {rElec rC+ rN+ Str+4}
   (You found it on level 9 of the Dungeon)

   [ring of positive energy]

   It affects your strength (+4).
   It protects you from cold.
   It insulates you from electricity.
   It protects you from negative energy.
Wands
 o - a wand of flame (10)
 z - a wand of disintegration (24)
 J - a wand of paralysis (4)
Scrolls
 a - 2 scrolls of teleportation
 d - 4 scrolls of fog
 f - 8 scrolls of remove curse
 i - 4 scrolls of enchant armour
 j - 6 scrolls of identify
 l - 2 scrolls of enchant weapon
 m - 3 scrolls of blinking
Potions
 e - 2 potions of magic
 g - 2 potions of degeneration {unknown}
 h - 8 potions of flight
 s - a potion of resistance {unknown}
 u - 3 potions of berserk rage
 w - 3 potions of might
 A - a potion of heal wounds
 B - a potion of curing
 O - a potion of invisibility {unknown}
 P - a potion of ambrosia {unknown}
Miscellaneous
 b - a phantom mirror
 M - a condenser vane


   Skills:
 - Level 2.7 Fighting
 + Level 15.6 Maces & Flails
 - Level 1.2 Throwing
 - Level 2.7 Dodging


You had 10 spell levels left.
You didn't know any spells.
Your spell library was empty.

Dungeon Overview and Level Annotations

Branches:
Dungeon (11/15)            Temple (0/1) D:4            Lair (0/6) D:11
 Bailey (visited)
    Orc: D:9-12

Altars:
Dithmenos
Nemelex Xobeh
Sif Muna
The Shining One


Innate Abilities, Weirdness & Mutations

You are too large for most types of armour.
You have claws for hands.
Your natural rate of healing is unusually fast.
You are covered in fur. (AC +1)
You have extremely tough skin. (AC +3)


Message History

The centaur unwields a +0 shortbow.
The centaur hits you!
You sock the centaur!
The centaur looks as sick as possible!
The centaur is almost dead.
The centaur misses you.
A cyclops comes into view.
The cyclops shouts!
You sock the centaur!
You kill the centaur!
Trog accepts your kill.
You feel sick.
You are no longer poisoned.
The cyclops hits you but does no damage.
You hit the cyclops.
The cyclops is poisoned.
The cyclops is lightly wounded.
You completely miss the cyclops.
The cyclops is lightly wounded.
The cyclops hits you!!
* * * LOW HITPOINT WARNING * * *
The cyclops throws a large rock.
The large rock hits you!!
You die...

,*,*** *,,,,,,....#.######+#....
,,,,,****....≈≈....#....###.#.≈≈≈
,,,,,**,,....≈≈...............≈##
,,,,,**,,....≈≈.....≈≈≈≈......≈#.
,,,,,>*,,....≈≈.$#.≈≈≈≈≈≈≈....≈#.
,,,,,,*......≈≈..#..≈≈≈[)≈≈...≈#.
***,*,*..........#....<.).....≈##
,,,,*,**#........#.....#†>....≈≈≈
,**,*,* #.......@#.###.#.####....
,**,#.* #........#.# #.#.#....#.#
,**,#.###>...(...#†###.#.#.####.#
,**,.........≈...C.....#.#,#..#'#
,**,........≈≈.)...≈≈..#.#,#.....
,**,.............≈≈≈≈..+.#,#.....
,**,#...#...≈....≈≈≈...#.#,#.....
,**,#***##.....≈≈≈≈≈...'.#,#.####
,,,,* #.....≈≈≈.....#.#,#....#


You could see a cyclops (very poisoned).

Vanquished Creatures
  A two-headed ogre (D:10)
  An unseen horror (D:11)
  2 orc knights (Bailey)
  Psyche (D:8)
  A queen bee (D:11)
  A hornet (D:10)
  A vampire (D:10)
  6 yaks (D:9)
  A wraith (D:10)
  Menkaure (D:7)
  Duvessa (D:4)
  A phantom (D:11)
  5 orc warriors
  A black bear (D:10)
  An ice beast (D:11)
  2 sky beasts
  6 centaurs
  2 ogres
  3 big kobolds
  2 bullfrogs
  2 gnoll sergeants (D:8)
  Dowan (D:4)
  3 scorpions
  28 killer bees
  11 wights
  4 howler monkeys
  2 centaur zombies
  4 bullfrog zombies
  3 orc priests
  10 hounds
  2 bullfrog skeletons (D:10)
  A gnoll shaman (D:8)
  Crazy Yiuf (D:6)
  2 centaur skeletons
  16 orc wizards
  3 iguanas
  12 worker ants
  A hound zombie (D:7)
  A worker ant zombie (D:9)
  8 gnolls
  11 adders
  3 shadow imps
  3 white imps
  2 oozes
  2 adder skeletons
  A worm (D:5)
  4 dart slugs (D:1)
  10 leopard geckos
  44 orcs
  5 giant cockroaches
  16 goblins
  21 hobgoblins
  4 jackals (D:2)
  36 kobolds
  A quokka (D:7)
  2 ball pythons
  4 bats
  6 frilled lizards
  8 rats
338 creatures vanquished.

Vanquished Creatures (collateral kills)
  Maggie (D:7)
  A scorpion (D:7)
  An orc priest (D:7)
  An orc (D:7)
4 creatures vanquished.

Vanquished Creatures (others)
  2 plants (D:8)
2 creatures vanquished.

Grand Total: 344 creatures vanquished

Notes
Turn   | Place    | Note
-------+----------+-------------------------------------------
     0 | D:1      | eagelman13508 the Troll Berserker began the quest for the
                  | Orb.
     0 | D:1      | Reached XP level 1. HP: 22/22 MP: 0/0
   163 | D:1      | Reached XP level 2. HP: 29/29 MP: 1/1
   173 | D:1      | Reached skill level 3 in Maces & Flails
   656 | D:1      | Reached XP level 3. HP: 33/36 MP: 2/2
   748 | D:1      | Reached ** piety under Trog
  1489 | D:2      | Reached skill level 4 in Maces & Flails
  1490 | D:2      | Reached XP level 4. HP: 44/44 MP: 3/3
  2007 | D:3      | Reached XP level 5. HP: 50/50 MP: 4/4
  2008 | D:3      | Reached skill level 5 in Maces & Flails
  2008 | D:3      | Reached *** piety under Trog
  2654 | D:4      | Noticed Duvessa
  2655 | D:4      | Noticed Dowan
  2703 | D:4      | Killed Duvessa
  2704 | D:4      | Reached skill level 6 in Maces & Flails
  2704 | D:4      | Reached XP level 6. HP: 59/59 MP: 5/5
  2713 | D:4      | Killed Dowan
  3116 | D:4      | Found a staircase to the Ecumenical Temple.
  3373 | D:5      | Entered Level 5 of the Dungeon
  3384 | D:5      | Reached XP level 7. HP: 52/66 MP: 6/6
  3395 | D:5      | Reached skill level 7 in Maces & Flails
  3882 | D:5      | Reached skill level 1 in Throwing
  4033 | D:5      | Reached skill level 8 in Maces & Flails
  4606 | D:6      | Found a runed translucent door.
  4607 | D:6      | Noticed Crazy Yiuf
  4618 | D:6      | Killed Crazy Yiuf
  4618 | D:6      | Reached **** piety under Trog
  4622 | D:6      | Got a brightly glowing mace
  4631 | D:6      | Identified the +10 mace of Xif Pul {venom, Str+3} (You
                  | found it on level 6 of the Dungeon)
  4816 | D:6      | Reached XP level 8. HP: 74/74 MP: 7/7
  4961 | D:6      | Reached skill level 9 in Maces & Flails
  5019 | D:6      | Found a shimmering blue altar of Sif Muna.
  5042 | D:6      | Identified Sif Muna's Reference Book on Ignition
  5397 | D:7      | Reached skill level 10 in Maces & Flails
  5528 | D:7      | Found a shadowy altar of Dithmenos.
  5556 | D:7      | Noticed Menkaure
  5556 | D:7      | Noticed Maggie
  5572 | D:7      | Killed Menkaure
  5572 | D:7      | Killed Maggie
  5821 | D:8      | Reached XP level 9. HP: 72/80 MP: 8/8
  6040 | D:8      | Noticed Psyche
  6045 | D:8      | Killed Psyche
  6046 | D:8      | Reached skill level 11 in Maces & Flails
  6302 | D:8      | Reached ***** piety under Trog
  6406 | D:8      | Cast into level 1 of the Abyss (gnoll sergeant)
  6408 | Abyss:1  | Noticed an apocalypse crab
  6439 | D:8      | Escaped the Abyss
  6465 | D:8      | Reached skill level 12 in Maces & Flails
  6625 | D:8      | Found a sparkling altar of Nemelex Xobeh.
  6745 | D:9      | Received a gift from Trog
  6765 | D:9      | Reached XP level 10. HP: 88/88 MP: 9/9
  6936 | D:9      | Reached skill level 13 in Maces & Flails
  7229 | D:9      | Got a vibrating wooden ring
  7230 | D:9      | Identified the ring "Bigasad" {rElec rC+ rN+ Str+4} (You
                  | found it on level 9 of the Dungeon)
  7266 | D:9      | Found a glowing golden altar of the Shining One.
  7659 | D:10     | Entered Level 10 of the Dungeon
  7828 | D:10     | Paralysed by a hornet for 3 turns
  7992 | D:10     | Noticed a two-headed ogre
  8011 | D:10     | Killed a two-headed ogre
  8012 | D:10     | Reached skill level 14 in Maces & Flails
  9074 | D:11     | Reached XP level 11. HP: 96/96 MP: 10/10
  9089 | D:11     | Found a flagged portal.
  9118 | Bailey   | Entered a bailey
  9133 | Bailey   | Noticed an orc knight
  9156 | Bailey   | Noticed an orc knight
  9201 | Bailey   | Killed an orc knight
  9245 | Bailey   | Reached skill level 15 in Maces & Flails
  9259 | Bailey   | Killed an orc knight
  9399 | Bailey   | Received a gift from Trog
  9405 | Bailey   | Got a warped great mace {god gift}
  9433 | Bailey   | Identified the +6 great mace of Aqith {vorpal, rElec} (Trog
                  | gifted it to you in a bailey)
 10181 | D:11     | Killed an unseen horror
 10208 | D:11     | Hit by a large rock thrown by a cyclops

Illustrated notes

Levels and vault maps discovered:
D:1:      lemuel_arrival_river_ford, layout_loops_ring, minmay_misc_feat_room,
          minmay_misc_feat_secret_circle, minmay_nonomino_d4
D:2:      cheibrodos_greedy_goblins, layout_basic, kennysheep_generic_room_8
D:3:      layout_rooms, hangedman_decor_riveting
D:4:      layout_gridville, minmay_temple_entry_junction, uniq_duvessa
D:5:      layout_loops_ring
D:6:      layout_loops_ring, led_sif_book, uniq_crazy_yiuf_cottage
D:7:      layout_cave_pools, minmay_misc_feat_alley, grunt_dithmenos_smoke,
          uniq_menkaure, uniq_maggie
D:8:      kennysheep_housing_project, layout_basic, kennysheep_mini, uniq_psyche
D:9:      layout_roguey, tso_altar
D:10:     layout_gridville
D:11:     hangedman_what_comes_after_a, layout_basic, enter_bailey_3

Skill      XL: |  1  2  3  4  5  6  7  8  9 10 11 |
---------------+----------------------------------+-----
Maces & Flails | 3 4 6 8 10 12 14 15 | 15.6
Throwing       | 1 |  1.2
Fighting       | |  2.7
Dodging        | |  2.7

Action                   |  1- 3 |  4- 6 |  7- 9 | 10-12 || total
-------------------------+-------+-------+-------+-------++-------
Melee: Mace              |   135 |    94 |   221 |   255 ||   705
       Flail             |       |   110 |   120 |    20 ||   250
       Giant club        |       |       |       |   103 ||   103
Throw: Dart              |       |     6 |     6 |     8 ||    20
Invok: Berserk           |     1 |     3 |     3 |     4 ||    11
       Trog's Hand       |       |       |     1 |       ||     1
       Brothers in Arms  |       |       |     1 |       ||     1
 Abil: Evoke Flight      |       |       |     1 |     5 ||     6
       Stop Flying       |       |       |     1 |     1 ||     2
Evoke: Wand              |       |       |       |     1 ||     1
  Use: Potion            |       |     2 |       |     3 ||     5
       Scroll            |       |     1 |     6 |    10 ||    17
 Stab: Sleeping          |       |       |     1 |       ||     1
Armor: Animal skin       |    59 |    46 |       |       ||   105
       Robe              |       |    36 |   137 |   122 ||   295
Dodge: Dodged            |    95 |   120 |   135 |   207 ||   557
